3AAA
SANTA BARBARA GOLDEN CRANES @ NAPERVILLE BATTLEKINGS
08/31/2026
 
TOP OF THE 1ST
Santa Barbara Golden Cranes batting - Pitching for Naperville Battlekings : RHP Chris Hayes
Pitching: RHP Chris Hayes
Batting: RHB Luis Trevino 0-0: SINGLE (Groundball, 34D)
Batting: RHB Ángel Ruezga 0-0: Ball
1-0: Called Strike
1-1: Ball
2-1: Called Strike
2-2: Grounds into double play, 4-6-3 (Groundball, 4M)
Batting: LHB Sixto Álvarez 0-0: Called Strike
0-1: Ball
1-1: Ball
2-1: Fly out, F8 (Flyball, 8RM)
Top of the 1st over - 0 run(s), 1 hit(s), 0 error(s), 0 left on base; Santa Barbara 0 - Naperville 0
BOTTOM OF THE 1ST
Naperville Battlekings batting - Pitching for Santa Barbara Golden Cranes : LHP Marvin Mangin
Pitching: LHP Marvin Mangin
Batting: LHB Ricardo Collazo 0-0: Foul Ball, location: 2F
0-1: Ball
1-1: Called Strike
1-2: Strikes out swinging
Batting: SHB Daryl Lloyd 0-0: Fly out, F4 (Line Drive, 4)
Batting: SHB Lupo Cotto 0-0: Fly out, F5 (Line Drive, 56)
Bottom of the 1st over - 0 run(s), 0 hit(s), 0 error(s), 0 left on base; Santa Barbara 0 - Naperville 0
TOP OF THE 2ND
Santa Barbara Golden Cranes batting - Pitching for Naperville Battlekings : RHP Chris Hayes
Batting: RHB Logan Manning 0-0: Called Strike
0-1: Ball
1-1: Reached on error, E5 (Groundball, 5S)
Batting: RHB Rubén Campos 0-0: Ball
1-0: Called Strike
1-1: Swinging Strike
1-2: Strikes out swinging
Batting: RHB Lúcio Sánchez 0-0: Foul Ball, location: 2F
0-1: Swinging Strike
0-2: Foul Ball, location: 2F
0-2: Ball
1-2: Grounds into double play, 6-4-3 (Groundball, 6)
Top of the 2nd over - 0 run(s), 0 hit(s), 1 error(s), 0 left on base; Santa Barbara 0 - Naperville 0
BOTTOM OF THE 2ND
Naperville Battlekings batting - Pitching for Santa Barbara Golden Cranes : LHP Marvin Mangin
Batting: RHB Jorge Baker 0-0: Called Strike
0-1: Called Strike
0-2: Ball
1-2: Fly out, F9 (Flyball, 9LM)
Batting: LHB Naohiro Sakai 0-0: Ball
1-0: Called Strike
1-1: Ground out U3 (Groundball, 34)
Batting: RHB António Guzmán 0-0: Foul Ball, location: 2F
0-1: Called Strike
0-2: Ball
1-2: Ball
2-2: Ball
3-2: Base on Balls
Batting: RHB Jay Hood 0-0: Called Strike
0-1: Foul Ball, location: 2F
0-2: Ball
1-2: Strikes out swinging
Bottom of the 2nd over - 0 run(s), 0 hit(s), 0 error(s), 1 left on base; Santa Barbara 0 - Naperville 0
TOP OF THE 3RD
Santa Barbara Golden Cranes batting - Pitching for Naperville Battlekings : RHP Chris Hayes
Batting: LHB Armando Villarreal 0-0: Called Strike
0-1: Ball
1-1: Ball
2-1: Called Strike
2-2: Ball
3-2: Base on Balls
Batting: LHB Manny Rosário 0-0: Called Strike
0-1: Swinging Strike
0-2: Ball
1-2: Single, Error in OF, E8, batter to second base
Armando Villarreal to third
Batting: RHB Salvador Noriega 0-0: Foul Ball, location: 2F
0-1: Foul Ball, location: 2F
0-2: Fly out, F8 (Flyball, 89S)
Batting: RHB Luis Trevino 0-0: Called Strike
0-1: Called Strike
0-2: Foul Ball, location: 2F
0-2: Ball
1-2: Ball
2-2: Strikes out swinging
Batting: RHB Ángel Ruezga 0-0: Swinging Strike
0-1: Foul Ball, location: 2F
0-2: Foul Ball, location: 2F
0-2: Foul Ball, location: 2F
0-2: SINGLE (Line Drive, 3D)
Armando Villarreal scores
Manny Rosário to third
Runner from 3rd tries for Home, SAFE, no throw
Batting: LHB Sixto Álvarez 0-0: Ball
1-0: Foul Ball, location: 2F
1-1: Ball
2-1: Foul Ball, location: 2F
2-2: Fly out, F7 (Flyball, 7LSF)
Top of the 3rd over - 2 run(s), 2 hit(s), 1 error(s), 1 left on base; Santa Barbara 2 - Naperville 0
BOTTOM OF THE 3RD
Naperville Battlekings batting - Pitching for Santa Barbara Golden Cranes : LHP Marvin Mangin
Batting: RHB Álex Rodríguez 0-0: Ball
1-0: Swinging Strike
1-1: Ball
2-1: SOLO HOME RUN (Flyball, 7LD), Distance : 338 ft
Batting: RHB Jimmy Dawson 0-0: Ball
1-0: Ball
2-0: Called Strike
2-1: Called Strike
2-2: Ball
3-2: Base on Balls
Batting: LHB Ricardo Collazo 0-0: Ball
1-0: Foul Ball, location: 2F
1-1: Grounds into double play, 6-4-3 (Groundball, 6)
Batting: SHB Daryl Lloyd 0-0: Ball
1-0: Swinging Strike
1-1: Foul Ball, location: 2F
1-2: Foul Ball, location: 2F
1-2: Foul Ball, location: 2F
1-2: Foul Ball, location: 2F
1-2: Ball
2-2: Strikes out looking
Bottom of the 3rd over - 1 run(s), 1 hit(s), 0 error(s), 0 left on base; Santa Barbara 2 - Naperville 1
TOP OF THE 4TH
Santa Barbara Golden Cranes batting - Pitching for Naperville Battlekings : RHP Chris Hayes
Batting: RHB Logan Manning 0-0: Ball
1-0: Ball
2-0: Ball
3-0: Base on Balls
Batting: RHB Rubén Campos 0-0: Ball
1-0: Ball
2-0: Called Strike
2-1: Fly out, F7 (Flyball, 7)
Batting: RHB Lúcio Sánchez 0-0: Called Strike
0-1: Called Strike
0-2: Grounds into double play, 6-4-3 (Groundball, 6)
Top of the 4th over - 0 run(s), 0 hit(s), 0 error(s), 0 left on base; Santa Barbara 2 - Naperville 1
BOTTOM OF THE 4TH
Naperville Battlekings batting - Pitching for Santa Barbara Golden Cranes : LHP Marvin Mangin
Batting: SHB Lupo Cotto 0-0: SINGLE (Groundball, 56D)
Batting: RHB Jorge Baker 0-0: Called Strike
0-1: Ball
1-1: Foul Ball, location: 2F
1-2: Ball
2-2: Ball
3-2: Foul Ball, location: 2F
3-2: Base on Balls
Lupo Cotto to second
Batting: LHB Naohiro Sakai 0-0: Foul Ball, location: 2F
0-1: Ball
1-1: Swinging Strike
1-2: Ball
2-2: Foul Ball, location: 2F
2-2: Ball
3-2: Strikes out looking
Batting: RHB António Guzmán 0-0: Ball
Lupo Cotto steals 3rd base
Jorge Baker to second
1-0: Called Strike
1-1: Swinging Strike
1-2: Foul Ball, location: 2F
1-2: Foul Ball, location: 2F
1-2: Ball
2-2: Ball
3-2: Base on Balls
Batting: RHB Jay Hood 0-0: Fly out, F6 (Popup, 6D)
Batting: RHB Álex Rodríguez 0-0: Ball
1-0: Fly out, F2 (Popup, 34S)
Bottom of the 4th over - 0 run(s), 1 hit(s), 0 error(s), 3 left on base; Santa Barbara 2 - Naperville 1
TOP OF THE 5TH
Santa Barbara Golden Cranes batting - Pitching for Naperville Battlekings : RHP Chris Hayes
Batting: LHB Armando Villarreal 0-0: Called Strike
0-1: Foul Ball, location: 2F
0-2: SINGLE (Flyball, 9LS)
Batting: LHB Manny Rosário 0-0: Bunted foul
0-1: Sac Bunt - play at first, batter OUT! 2-4
Armando Villarreal to second
Batting: RHB Salvador Noriega 0-0: Ball
1-0: Foul Ball, location: 2F
1-1: Swinging Strike
1-2: Ball
2-2: Foul Ball, location: 2F
2-2: Ball
3-2: Ground out 1-3 (Groundball, P)
Armando Villarreal to third
Batting: RHB Luis Trevino 0-0: Ball
1-0: Ball
2-0: Called Strike
2-1: Foul Ball, location: 2F
2-2: Fly out, F9 (Flyball, 9LS)
Top of the 5th over - 0 run(s), 1 hit(s), 0 error(s), 1 left on base; Santa Barbara 2 - Naperville 1
BOTTOM OF THE 5TH
Naperville Battlekings batting - Pitching for Santa Barbara Golden Cranes : LHP Marvin Mangin
Batting: RHB Jimmy Dawson 0-0: Ball
1-0: Called Strike
1-1: Bunt missed!
1-2: Ground out 6-3 (Groundball, 56)
Batting: LHB Ricardo Collazo 0-0: Bunted foul
0-1: Ground out 6-3 (Groundball, 6)
Batting: SHB Daryl Lloyd 0-0: Foul Ball, location: 2F
0-1: Ground out 5-3 (Groundball, 56)
Bottom of the 5th over - 0 run(s), 0 hit(s), 0 error(s), 0 left on base; Santa Barbara 2 - Naperville 1
TOP OF THE 6TH
Santa Barbara Golden Cranes batting - Pitching for Naperville Battlekings : RHP Chris Hayes
Batting: RHB Ángel Ruezga 0-0: Ball
1-0: Ball
2-0: Called Strike
2-1: Ball
3-1: Base on Balls
Batting: LHB Sixto Álvarez 0-0: Called Strike
0-1: Ball
1-1: Foul Ball, location: 2F
1-2: SINGLE (Groundball, 34D)
Ángel Ruezga to second
Runner from 2nd tries for 3rd, SAFE, no throw
Batting: RHB Logan Manning 0-0: Ball
1-0: Ball
2-0: Called Strike
2-1: SINGLE (Groundball, 4MD)
Ángel Ruezga scores
Sixto Álvarez to second
Batting: RHB Rubén Campos 0-0: Foul Ball, location: 2F
0-1: Ball
1-1: Foul Ball, location: 2F
1-2: Foul Ball, location: 2F
1-2: TRIPLE (Flyball, 8RXD)
Sixto Álvarez scores
Logan Manning scores
Batting: RHB Lúcio Sánchez 0-0: Ball
1-0: Ball
2-0: DOUBLE (Line Drive, 78XD)
Rubén Campos scores
Pitching: RHP Juan Martínez
Batting: LHB Armando Villarreal 0-0: Called Strike
0-1: Ball
1-1: Ground out 4-3 (Groundball, 4)
Lúcio Sánchez to third
Batting: LHB Manny Rosário 0-0: Ball
1-0: Called Strike
1-1: Ground out U3 (Groundball, 3)
Batting: RHB Salvador Noriega 0-0: Ball
1-0: Ball
2-0: Ball
3-0: Called Strike
3-1: Ground out 5-3 (Groundball, 5L)
Top of the 6th over - 4 run(s), 4 hit(s), 0 error(s), 1 left on base; Santa Barbara 6 - Naperville 1
BOTTOM OF THE 6TH
Naperville Battlekings batting - Pitching for Santa Barbara Golden Cranes : LHP Marvin Mangin
Batting: SHB Lupo Cotto 0-0: Ball
1-0: Swinging Strike
1-1: Swinging Strike
1-2: Ball
2-2: Foul Ball, location: 2F
2-2: Ball
3-2: Foul Ball, location: 2F
3-2: Base on Balls
Batting: RHB Jorge Baker 0-0: Called Strike
Lupo Cotto steals 2nd base
0-1: Ball
1-1: Foul Ball, location: 2F
1-2: Ground out U3 (Groundball, 34)
Lupo Cotto to third
Batting: LHB Naohiro Sakai 0-0: Ball
1-0: Ground out U3 (Groundball, 34)
Lupo Cotto scores
Batting: RHB António Guzmán 0-0: Ball
1-0: Ball
2-0: Foul Ball, location: 2F
2-1: Fly out, F9 (Flyball, 9LSF)
Bottom of the 6th over - 1 run(s), 0 hit(s), 0 error(s), 0 left on base; Santa Barbara 6 - Naperville 2
TOP OF THE 7TH
Santa Barbara Golden Cranes batting - Pitching for Naperville Battlekings : RHP Juan Martínez
Batting: RHB Luis Trevino 0-0: Ball
1-0: Called Strike
1-1: Foul Ball, location: 2F
1-2: Strikes out swinging
Batting: RHB Ángel Ruezga 0-0: Ball
1-0: Ball
2-0: Called Strike
2-1: Foul Ball, location: 2F
2-2: Ball
3-2: Foul Ball, location: 2F
3-2: Base on Balls
Batting: LHB Sixto Álvarez 0-0: Ball
1-0: Ball
2-0: Foul Ball, location: 2F
2-1: Ball
3-1: Swinging Strike
3-2: Foul Ball, location: 2F
3-2: Fly out, F8 (Flyball, 78D)
Batting: RHB Logan Manning 0-0: Ball
1-0: Ball
2-0: Ball
3-0: Called Strike
3-1: Foul Ball, location: 2F
3-2: Base on Balls
Ángel Ruezga to second
Batting: RHB Rubén Campos 0-0: Ball
1-0: Called Strike
1-1: Fly out, F8 (Flyball, 78S)
Top of the 7th over - 0 run(s), 0 hit(s), 0 error(s), 2 left on base; Santa Barbara 6 - Naperville 2
BOTTOM OF THE 7TH
Naperville Battlekings batting - Pitching for Santa Barbara Golden Cranes : LHP Marvin Mangin
Batting: RHB Jay Hood 0-0: DOUBLE (Line Drive, 8LD)
Batting: RHB Álex Rodríguez 0-0: Foul Ball, location: 2F
0-1: Ball
1-1: Ball
Jay Hood steals 3rd base
2-1: Foul Ball, location: 2F
2-2: Ball
3-2: Ground out 3-1 (Groundball, 34)
Jay Hood scores
Batting: RHB Jimmy Dawson 0-0: Ball
1-0: Ball
2-0: Ball
3-0: Called Strike
3-1: Base on Balls
Pitching: RHP Xavier Andrade
Batting: LHB Ricardo Collazo 0-0: Swinging Strike
0-1: Called Strike
0-2: Ball
Jimmy Dawson steals 2nd base
1-2: Ball
2-2: SINGLE (Groundball, 34D)
Jimmy Dawson to third
Runner from 3rd tries for Home, SAFE, throw made home
Ricardo Collazo to second
Batting: SHB Daryl Lloyd 0-0: Foul Ball, location: 2F
0-1: Foul Ball, location: 2F
0-2: Ground out 4-3 (Groundball, 34)
Ricardo Collazo to third
Batting: SHB Lupo Cotto 0-0: Ball
1-0: Foul Ball, location: 2F
1-1: Ball
2-1: Ball
3-1: Base on Balls
Batting: RHB Jorge Baker 0-0: Ball
1-0: SINGLE (Groundball, 56D)
Ricardo Collazo scores
Lupo Cotto to second
Batting: LHB Naohiro Sakai 0-0: Ball
1-0: SINGLE (Flyball, 89S)
Lupo Cotto to third
Jorge Baker to second
Runner from 3rd tries for Home, SAFE, no throw
Pinch Runner at 2nd Miguel Rodríguez:
Batting: RHB António Guzmán 0-0: Ball
1-0: Swinging Strike
1-1: Ground out 5-3 (Groundball, 56S)
Bottom of the 7th over - 4 run(s), 4 hit(s), 0 error(s), 2 left on base; Santa Barbara 6 - Naperville 6
TOP OF THE 8TH
Santa Barbara Golden Cranes batting - Pitching for Naperville Battlekings : RHP Juan Martínez
Batting: RHB Lúcio Sánchez 0-0: Called Strike
0-1: Swinging Strike
0-2: SINGLE (Groundball, 4MD)
Batting: LHB Armando Villarreal 0-0: Ball
1-0: Sac Bunt - play at first, batter OUT! 5-4
Lúcio Sánchez to second
Batting: LHB Manny Rosário 0-0: Swinging Strike
0-1: SINGLE (Groundball, 56D)
Lúcio Sánchez to third
Batting: RHB Salvador Noriega 0-0: Called Strike
0-1: Ball
1-1: Swinging Strike
1-2: Ball
2-2: Foul Ball, location: 2F
2-2: Ball
3-2: Strikes out swinging
Pinch Hitting: RHB Pablo Lugo 0-0: Called Strike
Manny Rosário steals 2nd base
0-1: Swinging Strike
0-2: Foul Ball, location: 2F
0-2: Strikes out swinging
Top of the 8th over - 0 run(s), 2 hit(s), 0 error(s), 2 left on base; Santa Barbara 6 - Naperville 6
BOTTOM OF THE 8TH
Naperville Battlekings batting - Pitching for Santa Barbara Golden Cranes : RHP Xavier Andrade
Now at 3B: John Moss
Batting: RHB Jay Hood 0-0: Ball
1-0: Ball
2-0: Called Strike
2-1: Foul Ball, location: 2F
2-2: SINGLE (Flyball, 8RS)
Pinch Hitting: LHB Philip Strickland 0-0: Called Strike
0-1: Ball
1-1: Called Strike
Jay Hood is caught stealing 2nd base
1-2: Ground out 4-3 (Groundball, 34)
Pinch Hitting: RHB Jim Unknown 0-0: Called Strike
0-1: Ball
1-1: Ball
2-1: Fly out, F8 (Flyball, 8LXD)
Bottom of the 8th over - 0 run(s), 1 hit(s), 0 error(s), 0 left on base; Santa Barbara 6 - Naperville 6
TOP OF THE 9TH
Santa Barbara Golden Cranes batting - Pitching for Naperville Battlekings : RHP Juan Martínez
Pitching: RHP Sixto Palaeios
Now at 3B: Jim Unknown
Now in LF: Philip Strickland
Batting: RHB Ángel Ruezga 0-0: Called Strike
0-1: Swinging Strike
0-2: Ball
1-2: Ball
2-2: Strikes out looking
Batting: LHB Sixto Álvarez 0-0: Called Strike
0-1: Ball
1-1: Foul Ball, location: 2F
1-2: Strikes out swinging
Batting: RHB Logan Manning 0-0: Called Strike
0-1: Swinging Strike
0-2: Strikes out swinging
Top of the 9th over - 0 run(s), 0 hit(s), 0 error(s), 0 left on base; Santa Barbara 6 - Naperville 6
BOTTOM OF THE 9TH
Naperville Battlekings batting - Pitching for Santa Barbara Golden Cranes : RHP Xavier Andrade
Pitching: LHP Jim Unknown
Batting: LHB Ricardo Collazo 0-0: Called Strike
0-1: Ball
1-1: Called Strike
1-2: Ball
2-2: Ground out 4-3 (Groundball, 4)
Pinch Hitting: RHB Pedro González 0-0: Called Strike
0-1: Ball
1-1: Ball
2-1: Called Strike
2-2: Strikes out swinging
Batting: SHB Lupo Cotto 0-0: Ball
1-0: Fly out, F2 (Popup, 5S)
Bottom of the 9th over - 0 run(s), 0 hit(s), 0 error(s), 0 left on base; Santa Barbara 6 - Naperville 6
TOP OF THE 10TH
Santa Barbara Golden Cranes batting - Pitching for Naperville Battlekings : RHP Sixto Palaeios
Now in LF: Cristo Ramírez
Batting: RHB Rubén Campos 0-0: Fly out, F8 (Line Drive, 78M)
Batting: RHB Lúcio Sánchez 0-0: Ball
1-0: Ball
2-0: Ball
3-0: Called Strike
3-1: Foul Ball, location: 2F
3-2: Fly out, F8 (Flyball, 8RS)
Batting: LHB Armando Villarreal 0-0: Fly out, F7 (Flyball, 78S)
Top of the 10th over - 0 run(s), 0 hit(s), 0 error(s), 0 left on base; Santa Barbara 6 - Naperville 6
BOTTOM OF THE 10TH
Naperville Battlekings batting - Pitching for Santa Barbara Golden Cranes : LHP Jim Unknown
Batting: RHB Miguel Rodríguez 0-0: Called Strike
0-1: Ground out U3 (Groundball, 34)
Batting: LHB Naohiro Sakai 0-0: Called Strike
0-1: Ball
1-1: Fly out, F8 (Flyball, 8LM)
Batting: RHB António Guzmán 0-0: Ball
1-0: Foul Ball, location: 2F
1-1: Ball
2-1: DOUBLE (Line Drive, 9LM)
Batting: RHB Jay Hood 0-0: Fly out, F7 (Line Drive, 7)
Bottom of the 10th over - 0 run(s), 1 hit(s), 0 error(s), 1 left on base; Santa Barbara 6 - Naperville 6
TOP OF THE 11TH
Santa Barbara Golden Cranes batting - Pitching for Naperville Battlekings : RHP Sixto Palaeios
Pitching: LHP Jason Puckett
Pinch Hitting: RHB Héctor Moreno 0-0: Swinging Strike
0-1: Hit by Pitch
Batting: RHB Salvador Noriega 0-0: Bunted foul
0-1: Bunted foul
0-2: Ball
1-2: Reached on error, E6 (Groundball, 6)
Héctor Moreno to second
Pinch Runner at 2nd Héctor Rivera:
Batting: RHB John Moss 0-0: Swinging Strike
0-1: Called Strike
0-2: Ball
1-2: Hit by Pitch
Héctor Rivera to third
Salvador Noriega to second
Batting: RHB Ángel Ruezga 0-0: Ball
1-0: Called Strike
1-1: Foul Ball, location: 2F
1-2: DOUBLE (Line Drive, 9LS)
Héctor Rivera scores
Salvador Noriega scores
John Moss to third
Pinch Hitting: RHB Ángel López 0-0: Called Strike
0-1: Ball
1-1: Ball
2-1: Swinging Strike
2-2: Foul Ball, location: 2F
2-2: Fly out, F4 (Popup, 4S)
Batting: RHB Logan Manning 0-0: Intentional Walk
Batting: RHB Rubén Campos 0-0: Ball
1-0: Ball
2-0: Ball
3-0: Base on Balls
John Moss scores
Ángel Ruezga to third
Logan Manning to second
Pitching: RHP Jorge Vázquez
Batting: RHB Lúcio Sánchez 0-0: Ball
1-0: Ball
2-0: Ball
3-0: Called Strike
3-1: Base on Balls
Ángel Ruezga scores
Logan Manning to third
Rubén Campos to second
Batting: LHB Armando Villarreal 0-0: Called Strike
0-1: Foul Ball, location: 2F
0-2: Ball
1-2: Ball
2-2: Foul Ball, location: 2F
2-2: Ball
3-2: Fielders Choice at 2nd, 4-6 (Groundball, 4D)
Logan Manning scores
Rubén Campos to third
Batting: LHB Héctor Rivera 0-0: Called Strike
0-1: Swinging Strike
Passed Ball!
Rubén Campos scores
Armando Villarreal to second
0-2: Fly out, F8 (Flyball, 8RS)
Top of the 11th over - 6 run(s), 1 hit(s), 1 error(s), 1 left on base; Santa Barbara 12 - Naperville 6
BOTTOM OF THE 11TH
Naperville Battlekings batting - Pitching for Santa Barbara Golden Cranes : LHP Jim Unknown
Pitching: RHP Jim Unknown
Now at C: Ronald Drumpf
Now in LF: Terry Sylvester
Now in RF: Héctor Rivera
Batting: LHB Philip Strickland 0-0: Ground out 4-3 (Groundball, 4S)
Batting: RHB Jim Unknown 0-0: Ball
1-0: Ball
2-0: Ball
3-0: Base on Balls
Batting: LHB Ricardo Collazo 0-0: Foul Ball, location: 2F
0-1: Foul Ball, location: 2F
0-2: Ball
1-2: Ball
2-2: Foul Ball, location: 2F
2-2: Ball
3-2: Base on Balls
Jim Unknown to second
Batting: LHB Cristo Ramírez 0-0: Ball
1-0: Called Strike
1-1: Foul Ball, location: 2F
1-2: Ball
2-2: Foul Ball, location: 2F
2-2: Foul Ball, location: 2F
2-2: Ball
3-2: Ground out U3 (Groundball, 34S)
Jim Unknown to third
Ricardo Collazo to second
Batting: SHB Lupo Cotto 0-0: Ball
1-0: Foul Ball, location: 2F
1-1: Ball
2-1: Ball
3-1: Base on Balls
Batting: RHB Miguel Rodríguez 0-0: Swinging Strike
0-1: Foul Ball, location: 2F
0-2: Ball
1-2: Fly out, F7 (Flyball, 7)
Bottom of the 11th over - 0 run(s), 0 hit(s), 0 error(s), 3 left on base; Santa Barbara 12 - Naperville 6
Monday, March 20th, 2017 - OOTP Baseball 17.12 Build 75